Cogmind - Beta 9.3 @@@ ROGUE MODE // 2020.01.01 @ 02:12:09 Player: winny Result: Self-destructed Performance ------------- Evolutions (2) 1000 Regions Visited (7) 1400 Robots Destroyed (90) 450 Value Destroyed (1439) 1439 Prototype IDs (3) 60 Alien Tech Used (0) 0 Bonus (2) 2 TOTAL SCORE: 4351 Bonus ------- High Alert Combat Kills 2 Cogmind --------- Core Integrity 409/550 Matter 13/300 Energy 160/160 System Corruption 0% Temperature Cool (0) Movement Walking (150) Ox1 Location -8/Materials Parts ------- > --- POWER (2) -------- Light Nuclear Core > --- PROPULSION (4) --- Carbon-fiber Leg > --- UTILITY (3) ------ Improved Heat Sink Medium Storage Unit Long-range Tractor Beam > --- WEAPON (2) ------- Heavy Assault Rifle > --- INVENTORY (8) ---- Hardened Medium Armor Plating Minigun Minigun Rocket Launcher Peak State ------------ > --- POWER ------------ Light Nuclear Core Light Nuclear Core > --- PROPULSION ------- Carbon-fiber Leg Carbon-fiber Leg Carbon-fiber Leg > --- UTILITY ---------- Improved Heat Sink Medium Storage Unit Hardened Medium Armor Plating > --- WEAPON ----------- Beam Rifle Minigun > --- INVENTORY -------- Heavy Assault Rifle Minigun Rocket Launcher Rocket Launcher Mining Laser [Rating: 28] Favorites ----------- Power Reinforced Ion Engine Engine Reinforced Ion Engine Power Core Light Nuclear Core Propulsion Light Treads Treads Light Treads Leg Aluminum Leg Wheel Wheel Utility Medium Storage Unit Device Shield Generator Storage Medium Storage Unit Processor Improved Targeting Computer Hackware System Shield Protection Light Armor Plating Weapon Beam Rifle Energy Gun Beam Rifle Ballistic Gun Heavy Assault Rifle Ballistic Cannon Light Cannon Launcher Rocket Launcher Special Weapon Mining Laser Build | -11 -10 -10 -9 -9 -9 -8 -8 ------- Run | Scr Mat Min Mat Min Exi Min Mat Slots Evolved 4 | . . . 2 . . . 2 Power 1 | . . . . . . . 1 Propulsion 2 | . . . 1 . . . 1 Utility 1 | . . . 1 . . . . Weapon . | . . . . . . . . Parts Attached 115 | 7 10 25 23 16 . 15 19 Power 16 | 1 1 6 2 2 . 1 3 Engine 13 | 1 1 6 2 2 . . 1 Core 3 | . . . . . . 1 2 Reactor . | . . . . . . . . Propulsion 20 | 2 2 5 3 4 . 4 . Treads 4 | . . . 2 2 . . . Leg 12 | 2 2 2 . 2 . 4 . Wheel 4 | . . 3 1 . . . . Hover . | . . . . . . . . Flight . | . . . . . . . . Utility 23 | 2 2 4 5 2 . 2 6 Device 8 | 1 . 2 . 1 . 1 3 Storage 5 | 1 1 1 2 . . . . Processor 4 | . 1 . 3 . . . . Hackware 1 | . . . . . . . 1 Protection 5 | . . 1 . 1 . 1 2 Artifact . | . . . . . . . . Weapon 56 | 2 5 10 13 8 . 8 10 Energy Gun 18 | 2 2 2 1 3 . 5 3 Energy Cannon . | . . . . . . . . Ballistic Gun 14 | . . 2 8 . . 1 3 Ballistic Cannon 9 | . 3 4 . 1 . 1 . Launcher 14 | . . 2 4 4 . 1 3 Special Weapon 1 | . . . . . . . 1 Impact Weapon . | . . . . . . . . Slashing Weapon . | . . . . . . . . Piercing Weapon . | . . . . . . . . Special Melee Weapon . | . . . . . . . . Unidentified Prototypes . | . . . . . . . . Parts Lost 26 | . 2 6 5 2 . 3 8 Power 7 | . . 2 2 2 . . 1 Propulsion 6 | . . 1 2 . . 1 2 Utility 3 | . . 1 1 . . 1 . Weapon 10 | . 2 2 . . . 1 5 Highest Loss Streak 7 | . 1 3 3 2 . 2 7 Average Slot Usage (%) 94 | . 95 96 85 88 100 99 86 Engine 8 | . 10 13 9 10 11 2 . Core 2 | . . . . . . 8 17 Treads 10 | . . . 10 20 33 8 . Leg 13 | . 28 11 . 2 . 24 25 Wheel 4 | . . 15 20 . . . . Device 5 | . . 4 . 3 11 11 9 Storage 11 | . 14 14 11 11 11 11 9 Processor 5 | . 13 3 10 9 . . . Protection 6 | . . 5 1 9 11 11 8 Energy Gun 13 | . 20 3 1 20 11 19 11 Ballistic Gun 3 | . . 10 18 . . . 3 Ballistic Cannon 4 | . 7 13 . . . 2 . Launcher 2 | . . . 1 1 11 . . Naked Turns . | . . . . . . . . Heaviest Build 40 | 13 19 19 19 30 30 32 40 Greatest Support 63 | 20 20 20 23 63 63 63 45 Greatest Overweight (x) 1 | . . 1 1 1 . 1 1 Average Overweight (x) . | . . . . . . . . Largest Inventory Capacity 10 | 6 8 10 10 8 8 8 8 Average Capacity 7 | 5 7 6 7 8 8 8 8 Most Carried 8 | 4 8 8 8 8 8 8 8 Average Carried 6 | 1 6 5 6 7 8 6 5 Final Capacity 8 | 6 8 6 8 8 8 8 8 Final Carried 8 | 3 8 6 6 8 8 6 4 Class Distribution -------------------- 72% | Scavenger-Mutant 27% | Mutant Dominant Class ---------------- Mutant | -10/Materials Scavenger-Mutant | -10/Mines Scavenger-Mutant | -9/Materials Scavenger-Mutant | -9/Mines Scavenger-Mutant | -9/Exiles Scavenger-Mutant | -8/Mines Scavenger-Mutant | -8/Materials Resources | -11 -10 -10 -9 -9 -9 -8 -8 ----------- Run | Scr Mat Min Mat Min Exi Min Mat Matter Collected 1859 | 270 168 543 353 165 . 308 52 Remotely 48 | . . . . . . . 48 Salvage Created 2017 | 134 567 269 380 217 . 288 162 Parts 142 | 13 33 8 35 13 . 21 19 Haulers Intercepted 3 | . 2 . 1 . . . . Recyclers Shooed 1 | . . 1 . . . . . Parts Field Recycled . | . . . . . . . . Retrieved Matter . | . . . . . . . . Parts Self-Destructed . | . . . . . . . . Prevented . | . . . . . . . . Kills | -11 -10 -10 -9 -9 -9 -8 -8 ------- Run | Scr Mat Min Mat Min Exi Min Mat Combat Hostiles Destroyed 63 | . 8 19 16 5 . 8 7 Guns 36 | . 6 10 10 2 . 7 1 Cannons 13 | . 2 8 . 1 . 1 1 AOE 14 | . . 1 6 2 . . 5 Classes Destroyed 14 | 2 5 4 1 1 . 1 . Worker 4 | . 1 1 1 . . 1 . Builder 1 | . . 1 . . . . . Tunneler 4 | 3 . . . . . . 1 Hauler 3 | . 2 . 1 . . . . Recycler 6 | 1 1 . . 1 . 2 1 Operator 4 | . 3 . 1 . . . . Watcher 5 | . 2 . 1 . . . 2 Swarmer 25 | . . . 13 . . 7 5 Grunt 14 | . 8 . . 4 . . 2 Brawler 1 | . . . . 1 . . . Sentry 4 | . . 1 3 . . . . Demolisher 1 | . . 1 . . . . . Hunter 1 | . . . . . . 1 . Assembled 17 | . . 17 . . . . . Best Kill Streak 8 | 2 3 3 7 2 . 4 8 Combat Bots Only 5 | . 2 3 5 2 . 4 5 Max Kills in Single Turn 5 | 1 1 2 5 1 . 2 3 Gunslinging 1 | . . . 1 . . 1 . Exploded 4 | . . 1 4 1 . . 3 Melee . | . . . . . . . . Uniques/NPCs Destroyed . | . . . . . . . . Combat | -11 -10 -10 -9 -9 -9 -8 -8 -------- Run | Scr Mat Min Mat Min Exi Min Mat Damage Taken 3616 | . 360 930 800 316 . 399 811 Core 542 | . 42 105 137 61 . 56 141 Absorbed by Shields 142 | . . . . . . 142 . Core Remaining (%) 59 | 100 . 41 . . . 36 . Volleys Fired 242 | 8 47 62 36 16 . 33 40 Largest 2 | 2 2 2 2 2 . 2 2 Hottest 121 | 90 115 80 79 101 . 112 121 Shots Fired 433 | 15 89 120 70 26 . 60 53 Gun 313 | 15 71 61 66 13 . 46 41 Cannon 92 | . 18 57 . 7 . 10 . Launcher 25 | . . 2 4 6 . 4 9 Special 3 | . . . . . . . 3 Kinetic 185 | . 18 79 61 7 . 11 9 Thermal 205 | 15 71 39 5 7 . 33 35 Explosive 25 | . . 2 4 6 . 4 9 Electromagnetic 18 | . . . . 6 . 12 . Robot Hit Streak 10 | 6 10 8 7 7 . 8 4 Robot Miss Streak 5 | 2 4 4 4 2 . 5 5 Penetration Max . | . . . . . . . . Secondary Targets 7 | . . . 4 . . 3 . Max Gunslinging Chain 1 | . . . 1 . . 1 . Shots Hit Robots 238 | 11 52 65 38 14 . 38 20 Core Hits 133 | 5 27 36 25 8 . 15 17 Critical Hits 5 | . . 3 2 . . . . Critical Kills 2 | . . 2 . . . . . Critical Parts Destroyed 3 | . . 1 2 . . . . Melee Attacks . | . . . . . . . . Impact . | . . . . . . . . Slashing . | . . . . . . . . Piercing . | . . . . . . . . Sneak Attacks . | . . . . . . . . Combat Hostiles . | . . . . . . . . Follow-up Attacks . | . . . . . . . . Damage Inflicted 5311 | 128 746 994 982 505 . 871 1085 Guns 2485 | 128 585 435 556 143 . 360 278 Cannons 894 | . 161 422 . 124 . 187 . Explosions 1908 | . . 137 426 238 . 324 783 Melee . | . . . . . . . . Ramming . | . . . . . . . . Kinetic 1659 | . 161 630 499 124 . 200 45 Thermal 1636 | 128 585 227 62 128 . 249 257 Explosive 1848 | . . 137 421 183 . 324 783 Electromagnetic 168 | . . . . 70 . 98 . Impact . | . . . . . . . . Slashing . | . . . . . . . . Piercing . | . . . . . . . . Highest Corruption 4 | . . 4 . . . . . Average Corruption 3 | . . 3 . . . . . Corruption Purged . | . . . . . . . . Effects 10 | . . 10 . . . . . Message Errors 1 | . . 1 . . . . . Matter Fused 1 | . . 1 . . . . . Energy Discharges 3 | . . 3 . . . . . Data Loss (minor) 2 | . . 2 . . . . . Targeting Errors 3 | . . 3 . . . . . Overload Shots . | . . . . . . . . Overflow Damage 205 | . . 14 29 4 . 36 122 Projectiles 8 | . . . . . . 8 . Explosions 197 | . . 14 29 4 . 28 122 Melee . | . . . . . . . . Knockbacks 9 | . 1 5 . 1 . 2 . Impact . | . . . . . . . . Kinetic 9 | . 1 5 . 1 . 2 . Secondary . | . . . . . . . . Self-Inflicted Damage 246 | . . 38 87 46 . 26 49 Shots 6 | . . 1 1 1 . 1 2 Rammed . | . . . . . . . . Targets Rammed . | . . . . . . . . Kicked . | . . . . . . . . Crushed . | . . . . . . . . Highest Temperature 340 | 120 326 81 36 147 . 306 340 Average Temperature 84 | 44 92 30 9 52 . 130 118 Received Heat Transfer 688 | . 201 160 126 144 . 12 45 Effects 2 | . . . . . . 1 1 Energy Bleed 1 | . . . . . . . 1 Interference 1 | . . . . . . 1 . Siege Activations . | . . . . . . . . Robots Corrupted . | . . . . . . . . Combat Hostiles . | . . . . . . . . Parts Fried . | . . . . . . . . Impact Corruptions . | . . . . . . . . Robots Melted . | . . . . . . . . Combat Hostiles . | . . . . . . . . Parts Melted 4 | . 2 . . 1 . 1 . Heat Transferred 4168 | 359 1580 525 198 235 . 629 642 Parts Sabotaged . | . . . . . . . . Parts Stolen . | . . . . . . . . Parts Stripped . | . . . . . . . . Power Chain Reactions . | . . . . . . . . Missiles Intercepted . | . . . . . . . . Alert | -11 -10 -10 -9 -9 -9 -8 -8 ------- Run | Scr Mat Min Mat Min Exi Min Mat Peak Influence 403 | 20 181 70 403 220 . 168 221 Average Influence 84 | 9 72 28 204 118 . 81 74 Maximum Alert Level 2 | . . . 2 1 . . 1 Low Security (%) 87 | 100 100 100 46 59 . 100 92 Level 1 12 | . . . 49 40 . . 7 Level 2 . | . . . 3 . . . . Level 3 . | . . . . . . . . Level 4 . | . . . . . . . . Level 5 . | . . . . . . . . High Security . | . . . . . . . . Max Security . | . . . . . . . . Squads Dispatched 2 | . 1 . 1 . . . . Investigation . | . . . . . . . . Extermination . | . . . . . . . . Reinforcement 2 | . 1 . 1 . . . . Assault . | . . . . . . . . Garrison . | . . . . . . . . Intercept . | . . . . . . . . Construction Impeded . | . . . . . . . . Haulers Reinforced . | . . . . . . . . Stealth | -11 -10 -10 -9 -9 -9 -8 -8 --------- Run | Scr Mat Min Mat Min Exi Min Mat Distress Signals 1 | . . . 1 . . . . Communications Jammed . | . . . . . . . . Distress Signals . | . . . . . . . . Times Spotted 98 | . 16 25 22 4 . 12 19 Peak Tracking Total 10 | . 3 2 4 3 . 4 10 Tactical Retreats 8 | . 1 3 1 . . 2 1 Traps | -11 -10 -10 -9 -9 -9 -8 -8 ------- Run | Scr Mat Min Mat Min Exi Min Mat Traps Triggered 1 | . . . . . . . 1 Indirectly . | . . . . . . . . Trap Hack Attempts . | . . . . . . . . Triggered . | . . . . . . . . Disarmed . | . . . . . . . . Reprogrammed . | . . . . . . . . Reused . | . . . . . . . . Traps Extracted . | . . . . . . . . Installed . | . . . . . . . . Triggered . | . . . . . . . . Machines | -11 -10 -10 -9 -9 -9 -8 -8 ---------- Run | Scr Mat Min Mat Min Exi Min Mat Machines Disabled 7 | . 2 . 2 1 . 1 1 Max in Single Turn 2 | . 1 . 2 1 . 1 1 Machines Sabotaged . | . . . . . . . . Garrisons Compromised . | . . . . . . . . Overloaded Fab Kills . | . . . . . . . . Fab Network Shutdowns . | . . . . . . . . Hacking | -11 -10 -10 -9 -9 -9 -8 -8 --------- Run | Scr Mat Min Mat Min Exi Min Mat Machines Accessed 13 | . 5 1 2 . 4 . 1 Terminals 7 | . 4 1 1 . . . 1 Fabricators . | . . . . . . . . Repair Stations 1 | . 1 . . . . . . Recycling Units . | . . . . . . . . Scanalyzers 1 | . . . 1 . . . . Garrison Access . | . . . . . . . . Total Hacks 76 | . 14 1 9 . 48 . 4 Successful 61 | . 5 1 7 . 48 . . Failed 15 | . 9 . 2 . . . 4 Catastrophic 1 | . . . . . . . 1 Database Lockouts . | . . . . . . . . Manual . | . . . . . . . . Terminals 19 | . 12 1 2 . . . 4 Fabricators . | . . . . . . . . Repair Stations 2 | . 2 . . . . . . Recycling Units . | . . . . . . . . Scanalyzers 7 | . . . 7 . . . . Garrison Access . | . . . . . . . . Terminal Hacks 55 | . 5 1 1 . 48 . . Record 50 | . 1 1 . . 48 . . Prototype ID Bank 2 | . 2 . . . . . . Branch Access Points 1 | . 1 . . . . . . Hauler Manifests 1 | . . . 1 . . . . Registered Components 1 | . 1 . . . . . . Fabricator Hacks . | . . . . . . . . Repair Station Hacks . | . . . . . . . . Recycling Unit Hacks . | . . . . . . . . Scanalyzer 6 | . . . 6 . . . . Insert Component 3 | . . . 3 . . . . Analyze 3 | . . . 3 . . . . Garrison Access Hacks . | . . . . . . . . Unauthorized Hacks . | . . . . . . . . Terminals . | . . . . . . . . Fabricators . | . . . . . . . . Repair Stations . | . . . . . . . . Recycling Units . | . . . . . . . . Scanalyzers . | . . . . . . . . Garrison Access . | . . . . . . . . Data Cores Recovered 2 | . 2 . . . . . . Used 1 | . 1 . . . . . . Hacking Detections 6 | . 3 . 2 . . . 1 Full Trace Events 1 | . . . 1 . . . . Feedback Events . | . . . . . . . . Feedback Blocked . | . . . . . . . . Robot Schematics Acquired . | . . . . . . . . Robots Built . | . . . . . . . . Matter . | . . . . . . . . Time . | . . . . . . . . Total Robot Build Rating . | . . . . . . . . Part Schematics Acquired 3 | . . . 3 . . . . Parts Built . | . . . . . . . . Matter . | . . . . . . . . Time . | . . . . . . . . Total Part Build Rating . | . . . . . . . . Parts Repaired . | . . . . . . . . Time . | . . . . . . . . Parts Recycled . | . . . . . . . . Recycled Matter . | . . . . . . . . Retrieved Matter . | . . . . . . . . Retrieved Components . | . . . . . . . . Parts Scanalyzed 3 | . . . 3 . . . . Part Schematics Acquired 3 | . . . 3 . . . . Parts Damaged 1 | . . . 1 . . . . Bothacking | -11 -10 -10 -9 -9 -9 -8 -8 ------------ Run | Scr Mat Min Mat Min Exi Min Mat Used RIF Installer . | . . . . . . . . Robots Hacked . | . . . . . . . . Non-combat . | . . . . . . . . Combat . | . . . . . . . . Robot Hacks Applied . | . . . . . . . . Relay Couplers Released . | . . . . . . . . Robots Rewired . | . . . . . . . . Allies Hacked . | . . . . . . . . Hacks Repelled . | . . . . . . . . Allies | -11 -10 -10 -9 -9 -9 -8 -8 -------- Run | Scr Mat Min Mat Min Exi Min Mat Total Allies 2 | . . 1 . 1 . . . Largest Group 1 | . . 1 . 1 1 . . Highest-Rated Group 31 | . . 31 . 31 31 . . Highest-Rated Ally 31 | . . 31 . 31 31 . . Total Orders . | . . . . . . . . Ally Attacks 15 | . . 15 . . . . . Total Damage 130 | . . 130 . . . . . Kills 2 | . . 2 . . . . . Allies Corrupted . | . . . . . . . . Allies Melted . | . . . . . . . . Intel | -11 -10 -10 -9 -9 -9 -8 -8 ------- Run | Scr Mat Min Mat Min Exi Min Mat Robot Analysis Total . | . . . . . . . . Derelict Logs Recovered 2 | . . 1 . 1 . . . Drone Launches . | . . . . . . . . Drone Recoveries . | . . . . . . . . Exploration | -11 -10 -10 -9 -9 -9 -8 -8 ------------- Run | Scr Mat Min Mat Min Exi Min Mat Turns Passed 5344 | 91 951 983 453 744 914 833 375 Spaces Moved 3543 | 52 645 775 327 417 572 558 197 Core 14 | 14 . . . . . . . Treads 1061 | . . . 21 385 572 83 . Legs 1624 | 38 645 237 . 32 . 475 197 Wheels 844 | . . 538 306 . . . . Hover . | . . . . . . . . Flight . | . . . . . . . . Fastest Speed 50 | 50 120 80 80 120 160 120 120 Average Speed 122 | 101 120 92 89 156 160 126 120 Slowest Speed 180 | 120 120 150 160 180 160 160 150 Overloaded Moves . | . . . . . . . . Propulsion Burnouts . | . . . . . . . . Robots Hopped . | . . . . . . . . Cave-ins Triggered . | . . . . . . . . Exploration Rate (%) 65 | 4 85 99 30 99 89 98 22 Regions Visited 7 Branch Regions 4 Pre-discovered Areas 1 | . . . . . 1 . . Known Exits Taken 1 | . 1 . . . . . . Unknown Exits Taken 6 | 1 . 1 1 1 1 1 . Scrap Searched 5 | . . 2 . 2 . 1 . Spaces Dug 13 | . . . . . . . 13 Terrain Destroyed 285 | . . 6 75 67 . 50 87 Melee . | . . . . . . . . Projectile . | . . . . . . . . AOE 285 | . . 6 75 67 . 50 87 Actions | -11 -10 -10 -9 -9 -9 -8 -8 --------- Run | Scr Mat Min Mat Min Exi Min Mat Total 4144 | 75 737 932 425 486 571 633 285 Wait 70 | . 11 29 9 14 . 7 . Move 3536 | 51 644 774 326 416 571 557 197 Hop . | . . . . . . . . Pick Up 83 | 9 15 18 12 10 . 8 11 Fast Attach 13 | 1 1 2 4 3 . 2 . Attach 102 | 6 9 23 19 13 . 13 19 Detach 44 | . 3 9 10 7 . 4 11 Swap . | . . . . . . . . Drop 54 | . 7 15 9 7 . 9 7 Fire 242 | 8 47 62 36 16 . 33 40 Melee . | . . . . . . . . Ram . | . . . . . . . . Kick . | . . . . . . . . Crush . | . . . . . . . . Escape Stasis . | . . . . . . . . Rewire . | . . . . . . . . Trap . | . . . . . . . . Miscellaneous . | . . . . . . . . Route ------- -11/Scrapyard -10/Materials (discovered 4 exits: *Mat x3 / *Min) -10/Mines (discovered 2 exits: *Mat x2) -9/Materials (discovered 2 exits: [*Min x2]) -9/Mines (discovered 3 exits: *Mat x2 / *Exi) -9/Exiles (discovered 2 exits: [*Min x2]) -8/Mines (discovered 2 exits: *Mat x2) -8/Materials History --------- Turn | Location | Event 5 | -11/Scrapyard | Discovered new exit (range 15) 92 | -11/Scrapyard | Entered Materials 326 | -10/Materials | Discovered new exit (range 15) 337 | -10/Materials | Build established: Mutant 343 | -10/Materials | Identified exit to Mines 379 | -10/Materials | Discovered new exit (range 8) 479 | -10/Materials | Discovered new exit (range 6) 1043 | -10/Materials | Entered Mines 1044 | -10/Mines | Assembled infested the area 1049 | -10/Mines | Assisted by a Guerilla fighting off Assembled 1055 | -10/Mines | Discovered new exit (range 9) 1189 | -10/Mines | Discovered new exit (range 10) 1284 | -10/Mines | Build established: Scavenger-Mutant 1327 | -10/Mines | Lost 3 parts (1p1u1w) 1431 | -10/Mines | Core integrity fell below 50% 1531 | -10/Mines | Escorted by a lone wolf Derelict 1651 | -10/Mines | Joined a pair of Derelicts in attacking an 0b10 outpost 1748 | -10/Mines | Learned Materials trap positions 2026 | -10/Mines | Entered Materials 2026 | -9/Materials | Evolved 2 slots: Propulsion x1, Utility x1 2027 | -9/Materials | Loaded intel: 15 trap records 2119 | -9/Materials | Lost 3 parts (1p1n1u) 2453 | -9/Materials | Discovered new exit (range 4) 2471 | -9/Materials | Discovered new exit (range 17) 2479 | -9/Materials | Entered Mines 2567 | -9/Mines | Discovered new exit (range 7) 2807 | -9/Mines | Received a Rocket Launcher from a helpful Derelict 3004 | -9/Mines | Learned Materials terminal intel 3015 | -9/Mines | Discovered new exit (range 5) 3128 | -9/Mines | Build established: Mutant 3159 | -9/Mines | Received a Mining Laser from a helpful Derelict 3217 | -9/Mines | Deemed a non-threat by the Exiles lab entrance 3217 | -9/Mines | Discovered new exit (range 5) 3223 | -9/Mines | Entered Exiles 3223 | -9/Exiles | Accompanied by 1 ally 3247 | -9/Exiles | Discovered new exit (range 15) 3289 | -9/Exiles | Met 8R-AWN 3315 | -9/Exiles | Met EX-HEX 3369 | -9/Exiles | Met EX-BIN 3476 | -9/Exiles | Build established: Scavenger-Mutant 3532 | -9/Exiles | Met EX-DEC 3540 | -9/Exiles | Learned location of Zion (-7) 3616 | -9/Exiles | Visited The Gauntlet 3945 | -9/Exiles | Discovered new exit (range 15) 4137 | -9/Exiles | Entered Mines 4165 | -8/Mines | Core integrity fell below 50% 4616 | -8/Mines | Discovered new exit (range 7) 4706 | -8/Mines | Discovered new exit (range 6) 4970 | -8/Mines | Entered Materials 4970 | -8/Materials | Evolved 2 slots: Power x1, Propulsion x1 4971 | -8/Materials | Loaded intel: 10 terminal locations 5345 | -8/Materials | Self-destructed Last Messages --------------- 05320_ Lgt. Nuclear Core destroyed. 05321_ The unstable cave ceiling collapses. 05321_ U-05 Engineer lays Concrete. 05322_ U-05 Engineer builds a Door. 05324_ Acquired 9 matter. 05324_ Penetrated by Slug. 05326_ U-05 Engineer builds a Wall. 05331_ U-05 Engineer lays Concrete. 05331_ Slug penetrates Nuclear Reactor. 05332_ U-05 Engineer builds a Wall. 05333_ U-05 Engineer lays Concrete. 05334_ Penetrated by Slug. 05334_ Mining Laser destroyed. 05334_ U-05 Engineer lays Concrete. 05336_ U-05 Engineer builds a Wall. 05337_ U-05 Engineer lays Concrete. 05340_ U-05 Engineer builds a Wall. 05340_ U-05 Engineer lays Concrete. 05343_ Carbon-fiber Leg destroyed. 05344_ U-05 Engineer lays Concrete. Map ----- +----------------------------------------------------+ | | | ?????????????????????????????????????????????????? | | ?????????????????????????????????????????????????? | | ?????????????????????????????????????????????????? | | ?????????????????????????????????????????????????? | | ???????????????????????????????????############### | | ?????????????????????????????????#?? # | | ?????????????????????????????????# """"""" # #### | | ?????????????????????????????????# """"""" # # | | ?????????????????????????????????# """"""" + # | | ?????????????????????????????????# """"""" # + | | ??????????????""?????????????????# """"""" # # | | ??????????????"T?????????????????# # # | | ??????????????""?????????????????# ! # # | | ?????????????????????????????????######+#### # | | ??????????????#########???????????????# #??# # | | ?????????????? ???########????# #??# # | | ???????????????* ??# #????# #??# #### | | ?????????????? ??# ###### #### | | ????????????# ### """ + ! | | ????????????# # """ ###### | | ????????????? """ # ####! = | | ?????????????? # ?# [= | | ??????????? # ##+# # ###+########### """ | | ?????????? au [ = u = u " | | ?????????? * h = [@ * | | ?????????? g s [ * = | | ????????????# # ########## | | ?????????????# # # ####### ## ###### | | ?????????????# # """ ####### # | | ?????????????# ?# """ #?????# """ # + | | ?????????????# ???# """ #?????# """ + # | | ?????????????#?????# #?????# """ # ###### | | ???????????????????# #?????? # #???## | | ????????????????????######??????# """ ?# #???# | | ????????????????????????????????# """ ?# #???#[ | | ????????????????????????????????# """??# #???#[ | | ????????????????????????????????# ??# #???#[ | | ???????????????????????????????????###???## #???# | | ??????????????????????????????????????????# #???# | | ??????????????????????????????????????????# #???# | | ??????????????????????????????????????????# #???# | | ??????????????????????????????????????????# #???# | | ??????????????????????????????????????????# ###### | | ???????????????????????????????????????T??# | | ??????????????????????????????????????????# | | ??????????????????????????????????????????# | | ??????????????????????????????????????????# #### | | ??????????????????????????????????????????# #??# | | ??????????????????????????????????????????# #??# | +----------------------------------------------------+ Best States ------------- Heat Dissipation 45 Energy Generation 23 Energy Capacity 325 Matter Stores 300 Matter Capacity 300 Sight Range 18 Terrain Scan Range 16 Terrain Scan Density 10 Armor Coverage 225 Resistance: KI 20 Evasion (%) 50 Targeting Accuracy 6 Armor Integrity Analysis 33 Recoil Reduction 3 Item Schematics ----------------- Imp. Treads | -9/Materials | Scanalyzed Mni. Grenade Launcher | -9/Materials | Scanalyzed Imp. Heat Sink | -9/Materials | Scanalyzed Robot Schematics ------------------ None Fabricated ------------ Nothing Alien Tech Used ----------------- None Achievements -------------- Exterminator I Survived The Infestation Let's See Who's Tougher Challenges ------------ None Game ------ Seed SystemSpreadPit Manual? 0 Play Time 01:37:17 Cumulative 11.7 hours Start 2019.12.31 @ 14:53:21 End 2020.01.01 @ 02:12:09 Sessions 3 Manual Loads 0 Difficulty Rogue Special Mode None Game No. 4 Rogue 3 Adventurer 1 Explorer 0 Win Type - Total 0 Types 0/0/0/0/0/0/0 Lore% 12 Gallery% 13 Achievement% 16 Wizard Run 0 Options --------- ASCII 0 Keyboard 0 Movement Mouse Keybinds 0 Fullscreen 1 Font 18/X11 Map View 76x50 Tactical HUD 1 Map Filters NONE Filters NONE Steam 1 RUN: 1390608d-78cf-4399-a17e-ac787412cd4e